AoeStats
← Horizon

MegaRandom

508293028Analyzed
4v4 RM · 11d ago on Sep 21, 2026· 53m 9s· 8 players
Game mode
Random Map
Map size
Large (8 player)
Population
200
Speed
Normal
Resources
Standard
Victory
Conquest
Starting age
Dark Age
Ending age
Imperial Age
RankedLock teamsTeams togetherTeam positionsShared explorationLock speedFull tech treeHidden civsTurbo modeCheats
Victory
Defeat
🇵🇰 Slavs · Pakistan
1509
+8
🇩🇪 Maya · Germany
1417
+11
🇰🇷 Britons · South Korea
1280
+17
🇮🇳 Bulgarians · India
1123
+23
🇩🇰 Portuguese · Denmark
1359
-17
🇩🇰 Burgundians · Denmark
1305
-15
🇩🇪 Mongols · Germany
1281
-14
🇩🇪 Poles · Germany
1259
-13
goupher
2:52 Loom
11:58 Feudal Age
12:22 Horse Collar
13:10 Double-Bit Axe
14:15 Wheelbarrow
19:08 Castle Age
21:08 Heavy Plow
21:48 Bloodlines
22:16 Husbandry
23:45 Szlachta Privileges
24:04 Forging
23:59 Scale Barding Armor
25:02 Scale Barding Armor
26:17 Chain Barding Armor
29:03 Gold Mining
34:23 Iron Casting
39:29 Sanctity
42:16 Imperial Age
40:02 Hand Cart
40:06 Fletching
41:35 Bodkin Arrow
45:29 Blast Furnace
44:43 Cavalier
47:10 Crop Rotation
49:40 Conscription
51:03 Caravan
51:29 Light Cavalry
52:37 Lechitic Legacy
Doctorbonus
7:11 Loom
9:49 Feudal Age
11:41 Double-Bit Axe
12:16 Town Watch
12:42 Fletching
13:33 Horse Collar
15:10 Padded Archer Armor
21:02 Wheelbarrow
24:20 Castle Age
22:30 Gold Mining
24:45 Elite Skirmisher
26:02 Bodkin Arrow
27:09 Bow Saw
35:14 Stone Mining
37:06 Stone Shaft Mining
38:11 Fortified Wall
41:01 Imperial Age
38:48 Hand Cart
38:18 Crossbowman
39:04 Thumb Ring
39:28 Ballistics
38:49 Treadmill Crane
39:22 Masonry
39:17 Heavy Plow
40:00 Leather Archer Armor
41:05 Arbalester
42:52 Chemistry
41:54 Bracer
41:37 Arbalester
43:26 Ring Archer Armor
45:10 Arquebus
45:31 Conscription
47:19 Caravan
48:06 Siege Engineers
48:32 Architecture
50:17 Two-Man Saw
49:49 Crop Rotation
Muff
10:47 Feudal Age
13:02 Double-Bit Axe
17:11 Castle Age
15:40 Loom
17:35 Gold Mining
17:50 Horse Collar
19:20 Gold Shaft Mining
18:58 Bow Saw
20:22 Heavy Plow
22:16 Two-Man Saw
22:01 Husbandry
22:47 Wheelbarrow
22:49 Cavalier
24:43 Scale Barding Armor
25:39 Forging
26:38 Chain Barding Armor
27:01 Stone Mining
28:49 Iron Casting
29:12 Hand Cart
28:43 Town Watch
31:55 Crop Rotation
32:03 Stone Shaft Mining
34:14 Town Patrol
40:37 Imperial Age
38:18 Burgundian Vineyards
39:22 Treadmill Crane
40:02 Ballistics
41:11 Fletching
41:46 Conscription
40:50 Paladin
42:34 Blast Furnace
42:09 Plate Barding Armor
43:47 Chemistry
43:16 Bodkin Arrow
48:29 Light Cavalry
50:07 Hussar
Edcar Davids
10:13 Feudal Age
14:19 Castle Age
12:47 Double-Bit Axe
14:16 Loom
17:02 Horse Collar
21:16 Bloodlines
23:27 Wheelbarrow
24:45 Scale Barding Armor
27:04 Chain Barding Armor
27:59 Bow Saw
27:51 Heavy Plow
29:01 Hand Cart
32:34 Fletching
32:46 Husbandry
35:19 Imperial Age
33:39 Bodkin Arrow
34:09 Ballistics
34:29 Padded Archer Armor
34:43 Thumb Ring
36:19 Bracer
36:35 Leather Archer Armor
37:21 Chemistry
35:46 Capped Ram
37:25 Conscription
36:30 Siege Ram
37:31 Elite Mangudai
39:07 Forging
39:00 Heavy Camel Rider
42:32 Caravan
46:24 Light Cavalry
49:26 Hussar
Haider_435
6:08 Loom
6:53 Loom
8:52 Feudal Age
11:25 Fletching
12:16 Double-Bit Axe
13:42 Horse Collar
20:02 Castle Age
18:13 Gold Mining
20:05 Crossbowman
20:41 Bodkin Arrow
22:30 Ballistics
23:06 Bow Saw
22:58 Padded Archer Armor
27:17 Stone Mining
30:38 Thumb Ring
32:08 Wheelbarrow
32:13 Heavy Plow
34:51 Hand Cart
37:54 Imperial Age
37:57 Arbalester
38:38 Bracer
39:45 Chemistry
39:09 Leather Archer Armor
42:23 Conscription
42:06 Hul'che Javelineers
42:50 Ring Archer Armor
42:39 Town Watch
45:38 Town Patrol
51:45 Coinage
PAWA
5:46 Loom
9:39 Feudal Age
7:56 Loom
12:40 Loom
16:35 Castle Age
15:34 Double-Bit Axe
15:42 Fletching
15:52 Padded Archer Armor
17:46 Bodkin Arrow
19:37 Crossbowman
25:47 Bow Saw
25:22 Horse Collar
29:16 Wheelbarrow
28:56 Heavy Plow
33:41 Leather Archer Armor
36:41 Imperial Age
35:58 Ballistics
36:08 Hand Cart
36:23 Gold Mining
36:45 Arbalester
39:04 Bracer
40:29 Conscription
41:15 Chemistry
44:07 Squires
44:54 Ring Archer Armor
44:12 Pikeman
44:38 Arson
44:54 Scale Mail Armor
45:04 Forging
46:05 Two-Man Saw
45:52 Chain Mail Armor
45:47 Forging
46:40 Town Watch
46:42 Halberdier
48:01 Hoardings
48:09 Plate Mail Armor
47:49 Forging
52:56 Iron Casting
54:04 Blast Furnace
Horizon
9:28 Feudal Age
9:34 Loom
10:05 Double-Bit Axe
16:56 Wheelbarrow
20:06 Castle Age
18:48 Horse Collar
21:27 Bow Saw
21:19 Heavy Plow
21:13 Stone Mining
21:15 Light Cavalry
24:50 Husbandry
26:08 Town Watch
26:38 Hand Cart
28:31 Gold Mining
32:54 Imperial Age
31:28 Detinets
32:14 Bloodlines
32:11 Fletching
32:28 Scale Barding Armor
32:33 Forging
33:34 Chain Barding Armor
34:53 Plate Barding Armor
34:53 Iron Casting
34:40 Conscription
34:33 Elite Boyar
37:16 Blast Furnace
38:21 Hoardings
38:48 Coinage
38:19 Caravan
39:48 Hoardings
39:25 Masonry
39:22 Bodkin Arrow
46:29 Siege Engineers
46:21 Murder Holes
46:47 Ballistics
46:34 Siege Engineers
46:10 Hussar
The Jinn
12:03 Feudal Age
11:36 Loom
16:11 Castle Age
15:47 Horse Collar
15:54 Double-Bit Axe
18:06 Wheelbarrow
17:53 Bow Saw
17:37 Stone Mining
17:37 Gold Mining
20:56 Stone Shaft Mining
20:11 Gold Mining
21:55 Scale Barding Armor
22:00 Forging
24:18 Gold Shaft Mining
26:04 Heavy Plow
26:49 Hand Cart
31:04 Imperial Age
31:17 Elite Konnik
32:56 Chain Barding Armor
33:11 Iron Casting
35:07 Plate Barding Armor
35:32 Blast Furnace
38:01 Light Cavalry
38:52 Bloodlines
38:44 Husbandry
47:47 Stirrups
47:55 Hussar
Connection lost

Rejoining the realm…

Still unreachable

The connection could not be restored.

Session expired

The server has moved on; the page needs a fresh start.